 Dungeon Crawl Stone Soup version 0.21.1-1-g345015fe64 (webtiles) character file.

73 Naru the Skirmisher (level 4, 0/40 HPs)
             Began as a Hill Orc Fighter on June 14, 2018.
             Slain by Gargoyl's ghost (11 damage)
             ... on level 3 of the Dungeon.
             The game lasted 00:03:49 (2768 turns).

Naru the Skirmisher (Hill Orc Fighter)              Turns: 2768, Time: 00:03:49

Health: 0/40       AC: 12    Str: 18    XL:     4   Next: 27%
Magic:  4/4        EV:  3    Int:  9    God:
Gold:   194        SH:  9    Dex: 10    Spells: 3/3 levels left

rFire    . . .     SeeInvis .   a - +0 war axe
rCold    . . .     Gourm    .   c - +0 shield
rNeg     . . .     Faith    .   b - +0 plate armour
rPois    .         Spirit   .   k - +0 helmet
rElec    .         Reflect  .   (no cloak)
rCorr    .         Harm     .   (no gloves)
MR       .....                  (no boots)
Stlth    ..........             (no amulet)
HPRegen  0.13/turn              j - ring of stealth
MPRegen  0.09/turn              (no ring)

@: no status effects
A: no striking features
a: no special abilities


You were on level 3 of the Dungeon.
You were not hungry.

You visited 1 branch of the dungeon, and saw 3 of its levels.

You collected 194 gold pieces.

Inventory:

Hand Weapons
 a - a +0 war axe (weapon)
Armour
 b - a +0 plate armour (worn)
 c - a +0 shield (worn)
 k - a +0 helmet (worn)
Jewellery
 j - a ring of stealth (left hand)
Scrolls
 e - a scroll of random uselessness {unknown}
 g - 4 scrolls of teleportation {unknown}
 h - a scroll of identify {unknown}
 i - 2 scrolls of remove curse {unknown}
 l - a scroll of blinking {unknown}
 n - a scroll of amnesia {unknown}
 o - a scroll of magic mapping {unknown}
 p - a scroll of noise {unknown}
Potions
 d - 2 potions of might
 m - 2 potions of resistance {unknown}
Comestibles
 f - 2 rations


   Skills:
 * Level 4.2 Fighting
 * Level 3.9 Axes
 * Level 3.8 Armour
 * Level 3.9 Shields


You had 3 spell levels left.
You didn't know any spells.

Dungeon Overview and Level Annotations

Branches:
Dungeon (3/15)

Altars:
Xom

Annotations:
D:3 Gargoyl's ghost, amateur CeAK


Message History

Gargoyl's ghost hits you but does no damage.
Your shield and plate armour prevent you from hitting Gargoyl's ghost.
Gargoyl's ghost is moderately damaged.
Gargoyl's ghost hits you. x2
* * * LOW HITPOINT WARNING * * *
You slash Gargoyl's ghost!
Gargoyl's ghost is heavily damaged.
Gargoyl's ghost hits you but does no damage.
You hit Gargoyl's ghost but do no damage.
Gargoyl's ghost is heavily damaged.
Gargoyl's ghost hits you but does no damage.
A frilled lizard comes into view.
The frilled lizard hisses angrily.
You hit Gargoyl's ghost.
Gargoyl's ghost is severely damaged.
You block Gargoyl's ghost's attack. x2
You hit Gargoyl's ghost but do no damage.
Gargoyl's ghost is heavily damaged.
Gargoyl's ghost hits you!
You die...

#####.##.............###.###..###
# #.##...#####.........###..#
#####.##...#####.#............#
.........................###..##
...............................##
##.............................#.
##..####[............#######...#.
...........#...#W#...# #...#.
................@#...# #W..#.
##..####...#...#.#...# #...#.
##..####...#...#.#...#######...#.
...........l.........)...........
##..####.#.#...#.#..##..####...#.
.................#..##..#.#....#.
##..###........#.#..##.........#.
##..# ##.#................##...#.
##..####.#..............#.##...#.


You could see Gargoyl's ghost and a frilled lizard.

Vanquished Creatures
  An adder (D:2)
  3 worms (D:3)
  A dart slug (D:1)
  4 giant cockroaches
  8 goblins
  5 hobgoblins
  4 jackals (D:1)
  6 bats
  3 frilled lizards
  4 kobolds
  9 rats
48 creatures vanquished.

Notes
Turn   | Place    | Note
-------+----------+-------------------------------------------
     0 | D:1      | Naru the Hill Orc Fighter began the quest for the Orb.
     0 | D:1      | Reached XP level 1. HP: 19/19 MP: 1/1
    19 | D:1      | Reached XP level 2. HP: 16/27 MP: 2/2
   277 | D:1      | Reached skill level 4 in Fighting
   444 | D:1      | Reached XP level 3. HP: 27/33 MP: 3/3
   901 | D:2      | Found a shimmering altar of Xom.
   972 | D:2      | Found a shimmering altar of Xom.
  1294 | D:3      | Noticed Gargoyl's ghost (amateur CeAK)
  1941 | D:3      | Reached XP level 4. HP: 40/40 MP: 4/4
  2768 | D:3      | Slain by Gargoyl's ghost

Skill      XL: |  1  2 |
---------------+-------+-----
Axes           | 3 |  3.9
Fighting       | 4 |  4.2
Armour         | |  3.8
Shields        | |  3.9

Action                   |  1- 3 |  4- 6 || total
-------------------------+-------+-------++-------
Melee: War axe           |   115 |    63 ||   178
  Eat: Ration            |     1 |     1 ||     2
Armor: Scale mail        |    38 |       ||    38
       Chain mail        |     9 |    41 ||    50
       Plate armour      |       |     9 ||     9
Dodge: Dodged            |    35 |    16 ||    51
Block: Shield            |    70 |    44 ||   114
